AoeStats
← ogipochi_

Nomad

504912229Analyzed
3v3 RM · 26d ago on Sep 7, 2026· 44m 59s· 6 players
Game mode
Random Map
Map size
210×210
Population
200
Speed
Normal
Resources
Standard
Victory
Conquest
Starting age
Dark Age
Ending age
Imperial Age
RankedLock teamsTeams togetherTeam positionsShared explorationLock speedFull tech treeHidden civsTurbo modeCheats
Victory
Defeat
🇺🇸 Byzantines · United States
933
+13
🇦🇺 Turks · Australia
901
+14
🇺🇸 Britons · United States
879
+16
🇯🇵 Spanish · Japan
880
-15
🇵🇪 Slavs · Peru
875
-15
🇧🇷 Mongols · Brazil
844
-32
ogipochi_
11:30 Loom
15:42 Feudal Age
14:00 Loom
16:22 Double-Bit Axe
16:18 Horse Collar
16:29 Gold Mining
16:29 Stone Mining
16:35 Stone Mining
18:30 Wheelbarrow
17:41 Town Watch
18:28 Man-at-Arms
18:54 Arson
23:02 Forging
22:52 Scale Mail Armor
25:48 Castle Age
26:31 Husbandry
26:41 Bloodlines
27:46 Stone Shaft Mining
27:34 Hand Cart
27:19 Town Patrol
27:30 Fishing Lines
28:45 Gillnets
32:12 Bow Saw
37:22 Imperial Age
-Nv.~|Annier^^!|
4:05 Loom
13:44 Feudal Age
15:00 Wheelbarrow
14:16 Double-Bit Axe
24:40 Castle Age
22:37 Stone Mining
23:25 Gold Mining
23:52 Horse Collar
25:41 Hand Cart
lucasrrego
15:15 Feudal Age
16:40 Double-Bit Axe
18:57 Fishing Lines
21:38 Horse Collar
23:16 Bloodlines
27:30 Castle Age
27:28 Forging
27:23 Scale Barding Armor
28:04 Gillnets
29:18 Gold Mining
29:18 Stone Mining
29:40 Bow Saw
30:15 Heavy Plow
31:53 Town Watch
32:55 Gold Shaft Mining
32:55 Stone Shaft Mining
34:42 Chain Barding Armor
34:12 Fletching
34:35 Elite Skirmisher
35:21 Thumb Ring
36:16 Bodkin Arrow
36:56 Iron Casting
36:48 Husbandry
43:45 Imperial Age
41:39 Light Cavalry
RebelKing
14:01 Feudal Age
14:57 Double-Bit Axe
14:56 Horse Collar
21:37 Wheelbarrow
21:13 Fletching
24:08 Castle Age
22:33 Fletching
23:34 Stone Mining
23:34 Gold Mining
24:22 Crossbowman
27:17 Ballistics
26:38 Treadmill Crane
27:27 Bodkin Arrow
28:42 Padded Archer Armor
33:37 Leather Archer Armor
34:40 Bow Saw
34:33 Heavy Plow
40:00 Pikeman
43:39 Imperial Age
42:19 Yeomen
44:15 Arbalester
44:59 Squires
44:45 Gambesons
Taytay1
8:32 Loom
17:05 Feudal Age
22:42 Castle Age
20:33 Horse Collar
20:41 Double-Bit Axe
24:30 Bow Saw
24:52 Heavy Plow
27:10 Wheelbarrow
28:49 Heavy Plow
31:31 Hand Cart
33:27 Gold Mining
35:23 Gold Shaft Mining
37:46 Imperial Age
40:20 Conscription
40:47 Stone Mining
40:37 Elite Cataphract
42:25 Scale Mail Armor
42:33 Scale Barding Armor
43:05 Forging
43:50 Chain Mail Armor
44:25 Stone Shaft Mining
Frank Drebin, Police Squad!
5:06 Loom
13:26 Feudal Age
14:52 Wheelbarrow
14:02 Town Watch
15:00 Fishing Lines
16:52 Double-Bit Axe
20:05 Horse Collar
22:56 Castle Age
21:09 Gold Mining
22:53 Bloodlines
23:00 Scale Barding Armor
23:06 Forging
24:10 Husbandry
24:55 Chain Barding Armor
25:12 Iron Casting
26:13 Hand Cart
26:41 Gillnets
26:56 Gillnets
27:24 Heavy Plow
30:27 Town Patrol
31:19 Bow Saw
36:12 Fletching
Connection lost

Rejoining the realm…

Still unreachable

The connection could not be restored.

Session expired

The server has moved on; the page needs a fresh start.